 Dungeon Crawl Stone Soup version 0.29-a0-994-gc5c9f59d18 (webtiles) character file.

Game seed: 10427749353949640181

179 Newt the Skirmisher (level 5, -4/32 HPs)
             Began as a Kobold Hunter on Aug 3, 2022.
             Killed by an exploding orc priest (36 damage)
             ... ignited by their inner flame
             ... on level 5 of the Dungeon.
             The game lasted 00:04:44 (2370 turns).

Newt the Skirmisher (Kobold Hunter)                 Turns: 2370, Time: 00:04:45

Health: -4/32      AC:  5    Str: 10    XL:     5   Next: 90%
Magic:  5/5        EV: 19    Int: 11    God:
Gold:   110        SH:  0    Dex: 24    Spells: 4/4 levels left

rFire   . . .      SeeInvis .   a - +1 shortbow (flame)
rCold   . . .      Faith    .   (shield currently unavailable)
rNeg    . . .      Spirit   .   c - +0 leather armour
rPois   .          Reflect  .   (no helmet)
rElec   .          Harm     .   j - +0 cloak
rCorr   .          Rampage  .   m - +0 pair of gloves
Will    .....                   (no boots)
Stlth   +++.......              (no amulet)
HPRegen 0.10/turn               d - +6 ring of dexterity
MPRegen 0.09/turn               f - +4 ring of evasion

@: weak-willed
A: small, no large weapons, nightstalker 3
a: no special abilities


You were on level 5 of the Dungeon.
You visited 1 branch of the dungeon, and saw 5 of its levels.

You collected 110 gold pieces.

Inventory:

Hand Weapons
 a - a +1 shortbow of flaming (weapon)
Armour
 c - a +0 leather armour (worn)
 j - a +0 cloak (worn)
 m - a +0 pair of gloves (worn)
Jewellery
 b - a +6 ring of intelligence
 d - a +6 ring of dexterity (left hand)
 f - a +4 ring of evasion (right hand)
Potions
 h - a potion of flight {unknown}
 i - 2 potions of cancellation {unknown}
 k - a potion of mutation {unknown}
 l - a potion of brilliance {unknown}


   Skills:
 + Level 3.0 Fighting
 + Level 8.1 Ranged Weapons
 + Level 0.9 Armour
 + Level 2.4 Dodging
 + Level 1.5 Stealth


You had 4 spell levels left.
You didn't know any spells.
Your spell library contained the following spells:

 Spells                   Type           Power      Damage    Failure   Level
 Magic Dart               Conj           0%         1d3       43%         1
 Call Imp                 Summ           0%         N/A       58%         2
 Inner Flame              Hex/Fire       0%         N/A       82%         3
 Mephitic Cloud           Conj/Pois/Air  0%         N/A       82%         3
 Cause Fear               Hex            0%         N/A       99%         4
 Discord                  Hex            0%         N/A       100%        8


Dungeon Overview and Level Annotations

Branches:
Dungeon (5/15)
 Temple: D:4-7

Altars:
Yredelemnul

Shops:
D:1 [

Annotations:
D:3 Sigmund


Innate Abilities, Weirdness & Mutations

You are small and have problems with some larger weapons.
You are completely attuned to the shadows.


Message History

Found a long sword.
The orc priest shouts!
The orc wizard shouts!
You hear a shout!
You hear a croak.
Read: scroll of immolation
Press: ? - help, Q - select action, (/) - cycle Dir - look around, f - activate
As you read the scroll of immolation, it crumbles to dust.
The creatures around you are filled with an inner flame!
An orc comes into view. It is wielding a +0 club.
You shoot an arrow. The arrow barely misses the orc priest.
The arrow barely misses the orc wizard.
The orc priest shouts!
The orc priest attacks as you move away!
The orc priest hits you but does no damage.
The orc priest attacks as you move away!
The orc priest barely misses you.
Found a basalt altar of Yredelemnul.
Fire: a) +1 shortbow (flame)
Press: ? - help, Shift-Dir - straight line, f - orc priest
Aim: an orc priest, wielding a +1 dagger of flaming (inner flame, 70% to hit)
You shoot an arrow. The arrow barely misses the orc priest.
The orc priest closely misses you.
An orc comes into view. It is wielding a +0 trident.
Fire: a) +1 shortbow (flame)
Press: ? - help, Q - select action Shift-Dir - straight line, f/p - orc priest
Aim: an orc priest, wielding a +1 dagger of flaming (inner flame, 70% to hit)
You shoot an arrow. The arrow barely misses the orc priest.
The arrow hits the orc wizard!
Flame seeps out of the orc wizard.
The arrow burns the orc wizard.
Flame seeps out of the orc wizard.
The orc wizard is almost dead.
The orc wizard is engulfed in blazing flames.
The orc wizard explodes!
The fiery explosion engulfs the orc priest!
The fiery explosion engulfs the orc!!
You kill the orc!
The fiery explosion engulfs the orc priest!!
The orc priest explodes!
The fiery explosion engulfs you!!!
Ouch! That really hurt!
You die...

#......
+......
#....._
#.......
##§@.#...)
##.§§§..P...
#...§○§..P...
.....§§..P...
#.#....o.P...
............!
.#..........
......§§§..
###...##
.....§§§..
........


You could see an orc.

Vanquished Creatures
  Crazy Yiuf (D:2)
  3 orc priests
  An iguana (D:4)
  2 orc wizards
  2 adders (D:2)
  2 orcs
  4 endoplasms
  2 giant cockroaches (D:2)
  5 goblins
  3 hobgoblins
  6 jackals
  4 kobolds
  4 quokkas
  7 ball pythons
  2 bats
  A frilled lizard (D:2)
  8 rats
57 creatures vanquished.

Notes
Turn   | Place    | Note
-------+----------+-------------------------------------------
     0 | D:1      | Newt the Kobold Hunter began the quest for the Orb.
     0 | D:1      | Reached XP level 1. HP: 12/12 MP: 1/1
   228 | D:1      | Found Neemid's Armour Shop.
   276 | D:1      | Reached XP level 2. HP: 17/17 MP: 2/2
   364 | D:1      | Reached skill level 6 in Ranged Weapons
   620 | D:1      | Reached XP level 3. HP: 21/21 MP: 3/3
  1054 | D:2      | Reached XP level 4. HP: 20/27 MP: 4/4
  1190 | D:2      | Found a runed translucent door.
  1193 | D:2      | Noticed Crazy Yiuf
  1199 | D:2      | Killed Crazy Yiuf
  1200 | D:2      | Reached skill level 7 in Ranged Weapons
  1401 | D:2      | You fall into a shaft and drop 1 floor!
  1420 | D:3      | Reached XP level 5. HP: 32/32 MP: 5/5
  1919 | D:3      | Noticed Sigmund
  2140 | D:4      | Reached skill level 8 in Ranged Weapons
  2353 | D:4      | Noticed a sky beast
  2357 | D:5      | Entered Level 5 of the Dungeon
  2368 | D:5      | Found a basalt altar of Yredelemnul.
  2370 | D:5      | Killed by an exploding orc priest... ignited by their inner
                  | flame

Illustrated notes

Levels and vault maps discovered:
D:1:      amcnicky_arrival_wind_blow, layout_rooms, serial_shops,
          nicolae_shop_competitors_out_of_business
D:2:      layout_basic, mrwooster_statue_mirror, chequers_serial_rivers_marsh,
          kennysheep_generic_room_3, uniq_crazy_yiuf_cottage
D:3:      layout_basic, uniq_sigmund
D:4:      layout_basic, makhleb_blood_cavern_becter, okawaru_gym_becter,
          gammafunk_ghost_grave, minmay_checkerbox
D:5:      layout_basic, mainiacjoe_overflow_six_doors_small,
          mainiacjoe_overflow_boulevard, old_standard_altar,
          mainiacjoe_overflow_alcove_2, nrook_pool_corridor,
          nicolae_wooded_promenade, hangedman_abyss_or_decor_stabs,
          uniq_prince_ribbit1, uniq_edmund, uniq_duvessa

Skill      XL: |  1  2  3  4  5 |
---------------+----------------+-----
Ranged Weapons | 6 7 8 |  8.1
Fighting       | 3 |  3.0
Armour         | |  0.9
Dodging        | |  2.4
Stealth        | |  1.5

Action                   |  1- 3 |  4- 6 || total
-------------------------+-------+-------++-------
 Fire: Shortbow          |    76 |    47 ||   123
  Use: Scroll            |     1 |     7 ||     8
       Potion            |       |     1 ||     1
Armor: Leather armour    |     5 |     5 ||    10
Dodge: Dodged            |    26 |    13 ||    39

Table legend: (Time is in decaauts)
 A = Elapsed time spent in this place.
 B = Non-inter-level travel time spent in this place.
 C = Inter-level travel time spent in this place.
 D = Time resting spent in this place.
 E = Time spent auto-exploring this place.
 F = Levels seen in this place.
 G = Mean time per level.
                   A        B        C        D        E       F      G
               +--------+--------+--------+--------+--------+-----+--------+
         Total |   2379 |   2310 |     69 |    446 |   1468 |   5 |  475.8 |
       Dungeon |   2379 |   2310 |     69 |    446 |   1468 |   5 |  475.8 |
               +--------+--------+--------+--------+--------+-----+--------+

Top non-repeatable levels by time:
     D:1: 719 daAuts
     D:3: 693 daAuts
     D:2: 686 daAuts
     D:4: 267 daAuts
     D:5: 13 daAuts
